AoeStats
← Fluvialgeomorphologist

Socotra

505169863Analyzed
4v4 RM · 24d ago on Sep 8, 2026· 44m 52s· 8 players
Game mode
Random Map
Map size
148×148
Population
200
Speed
Normal
Resources
Standard
Victory
Conquest
Starting age
Dark Age
Ending age
Imperial Age
RankedLock teamsTeams togetherTeam positionsShared explorationLock speedFull tech treeHidden civsTurbo modeCheats
Victory
Defeat
🇨🇳 Malay · China
869
+4
🇺🇸 Georgians · United States
839
+5
🇨🇷 Turks · Costa Rica
724
+8
🇦🇺 Franks · Australia
276
+23
🇨🇳 Teutons · China
640
-15
🇹🇼 Maya · Taiwan
540
-11
🇲🇽 Lithuanians · Mexico
452
-7
🇨🇳 Huns · China
443
-7
Goku18996640
1:03 Loom
18:45 Feudal Age
20:05 Town Watch
24:33 Double-Bit Axe
24:35 Horse Collar
26:51 Forging
29:08 Castle Age
30:45 Iron Casting
30:09 Elite Skirmisher
35:22 Pikeman
36:03 Squires
37:14 Arson
37:46 Scale Mail Armor
40:52 Imperial Age
暗魔陰蒂
0:38 Loom
15:43 Feudal Age
17:14 Double-Bit Axe
17:47 Gold Mining
33:04 Stone Mining
HLB
16:52 Feudal Age
18:25 Horse Collar
18:32 Double-Bit Axe
19:24 Wheelbarrow
26:31 Gold Mining
26:32 Stone Mining
29:25 Castle Age
28:17 Bloodlines
28:21 Forging
30:45 Scale Barding Armor
31:01 Light Cavalry
31:43 Husbandry
32:33 Gold Shaft Mining
33:24 Iron Casting
33:12 Heavy Plow
35:45 Ballistics
35:36 Masonry
35:23 Murder Holes
36:10 Hand Cart
35:43 Town Watch
36:28 Marauders
40:25 Bow Saw
Ichthyosaur
10:35 Loom
12:21 Feudal Age
18:09 Castle Age
17:37 Stone Mining
17:35 Double-Bit Axe
17:34 Horse Collar
28:26 Ballistics
29:56 Bow Saw
29:50 Heavy Plow
32:09 Ironclad
35:48 Imperial Age
33:55 Wheelbarrow
33:06 Town Watch
34:49 Scale Mail Armor
34:59 Forging
34:40 Fletching
36:38 Hand Cart
36:23 Town Patrol
38:12 Chemistry
36:54 Capped Ram
Fluvialgeomorphologist
11:23 Feudal Age
9:38 Loom
13:47 Stone Mining
13:43 Double-Bit Axe
16:17 Castle Age
14:22 Horse Collar
16:05 Double-Bit Axe
22:07 Wheelbarrow
21:45 Squires
22:27 Gold Mining
24:24 Bow Saw
25:21 Heavy Plow
27:42 Bloodlines
27:33 Husbandry
31:13 Imperial Age
29:12 Hand Cart
29:24 Stone Mining
33:27 Chemistry
32:48 Forging
32:44 Scale Barding Armor
32:30 Fletching
32:44 Padded Archer Armor
32:26 Light Cavalry
33:31 Ballistics
33:06 Elite Monaspa
34:07 Conscription
Wobbuffet3383
2:31 Loom
11:29 Feudal Age
26:09 Castle Age
39:17 Imperial Age
37:23 Wheelbarrow
36:33 Town Watch
36:58 Double-Bit Axe
39:15 Sipahi
45:47 Hoardings
44:42 Sappers
45:33 Conscription
紫幽冰云
9:26 Loom
11:31 Feudal Age
18:01 Castle Age
17:09 Stone Mining
18:07 Double-Bit Axe
19:42 Horse Collar
21:16 Gold Mining
22:53 Wheelbarrow
23:21 Fletching
24:09 Hand Cart
28:19 Bodkin Arrow
28:37 Forging
29:31 Padded Archer Armor
34:47 Imperial Age
34:35 Pikeman
35:16 Squires
36:05 Halberdier
39:19 Heavy Plow
39:32 Bow Saw
44:36 Bracer
44:53 Leather Archer Armor
44:33 Heavy Scorpion
Kennyccc222
Connection lost

Rejoining the realm…

Still unreachable

The connection could not be restored.

Session expired

The server has moved on; the page needs a fresh start.